 Dungeon Crawl Stone Soup version 0.25.1-2-g60ff931df9 (webtiles) character file.

Game seed: 620010236806769856

1467 Cazemata the Cleaver (level 8, -8/58 HPs)
             Began as a Demonspawn Berserker on Oct 16, 2020.
             Was a Priest of Trog.
             Mangled by Menkaure (13 damage)
             ... on level 5 of the Dungeon.
             The game lasted 00:35:48 (5750 turns).

Cazemata the Cleaver (Demonspawn Berserker)         Turns: 5750, Time: 00:35:49

Health: -8/58      AC: 11    Str: 20    XL:     8   Next: 48%
Magic:  8/8        EV: 12    Int:  9    God:    Trog [***...]
Gold:   92         SH:  5    Dex: 12    Spells: 7/7 levels left

rFire    . . .     SeeInvis .   g - +1 hand axe (venom)
rCold    + . .     Gourm    .   (no shield)
rNeg     . . .     Faith    .   e - +2 leather armour {rC+}
rPois    .         Spirit   .   (no helmet)
rElec    .         Reflect  +   (no cloak)
rCorr    .         Harm     .   (no gloves)
MR       +....                  (no boots)
Stlth    +.........             j - amulet of reflection
HPRegen  0.19/turn              w - ring of protection from magic
MPRegen  0.11/turn              (no ring)

@: lethally poisoned (-8 -> -9), about to teleport
A: iridescent scales 3
a: Berserk, Trog's Hand, Renounce Religion


You were on level 5 of the Dungeon.
You worshipped Trog.
Trog was most pleased with you.
You were not hungry.

You visited 1 branch of the dungeon, and saw 5 of its levels.
You also visited: Sewer.

You collected 247 gold pieces.
You spent 155 gold pieces at shops.

Inventory:

Hand Weapons
 g - a +1 hand axe of venom (weapon)
 v - a +0 scythe of freezing
 B - a +0 vorpal hand crossbow
Missiles
 r - 5 boomerangs (quivered)
 s - a throwing net
 y - 6 poisoned darts
 C - 5 bolts
Armour
 e - a +2 leather armour of cold resistance (worn)
 i - a +0 leather armour
 l - a +2 buckler
Jewellery
 j - an amulet of reflection (around neck)
 o - a cursed ring of teleportation {unknown}
 w - a ring of protection from magic (left hand)
 x - an uncursed ring of resist corrosion {unknown}
Wands
 q - a wand of flame (11)
Scrolls
 a - a scroll of random uselessness
 b - 2 scrolls of teleportation
 f - 2 scrolls of remove curse
 h - 4 scrolls of fear
 u - 3 scrolls of magic mapping
Potions
 d - 3 potions of curing
 k - a potion of degeneration {unknown}
 m - 2 potions of brilliance
 n - a potion of ambrosia {unknown}
 p - a potion of magic
 t - 3 potions of lignification
 A - a potion of heal wounds {unknown}
 D - a potion of flight
Comestibles
 c - 7 rations


   Skills:
 - Level 3.1 Fighting
 + Level 9.7 Axes
 + Level 0.1 Throwing
 - Level 2.0 Armour
 - Level 2.0 Dodging
 + Level 1.6 Shields


You had 7 spell levels left.
You didn't know any spells.
Your spell library was empty.

Dungeon Overview and Level Annotations

Branches:
Dungeon (5/15)              Sewer (visited)
 Temple: D:4-7

Altars:
Dithmenos
Kikubaaqudgha
Wu Jian

Shops:
D:4 [

Annotations:
D:5 Menkaure


Innate Abilities, Weirdness & Mutations

You are completely covered in iridescent scales. (AC +6)


Message History

The adder poisons you!
You hit the adder.
The adder is poisoned.
The adder is almost dead.
You feel sick. The adder bites you but does no damage.
You kill the adder!
Trog accepts your kill.
There is an open door here.
You hit Menkaure but do no damage. Menkaure closely misses you.
You hit Menkaure.
Menkaure is lightly damaged.
Menkaure hits you!!
* * * LOW HITPOINT WARNING * * *
You feel sick.
Menkaure calls on the powers of darkness!
Your body is wracked with pain!
* * * LOW HITPOINT WARNING * * *
Okay, then.
As you read the scroll of teleportation, it crumbles to dust.
You feel strangely unstable. Menkaure hits you!
You die...

#........# #.......(#
#........#
#........################
..#+####..#....##.......##
#.#............#.........#
§§§#.........>.#.........#
#.#§#..........#.........#
§_§§§..........M@........#
#§#§##...#####'########### #+
§§§###...##....##.......##...
#§#.......#..................
......... +..........M.......
......... #..................
......... #..................
....##... ##...##............
#...# ### ###+##............


You could see Menkaure (fast).

Vanquished Creatures
  Sigmund (D:3)
  A phantom (D:4)
  6 big kobolds (Sewer)
  A scorpion (D:5)
  A howler monkey (D:4)
  A bullfrog skeleton (D:4)
  A jelly (D:5)
  3 iguanas
  Terence (D:3)
  Natasha (twice) (D:4)
  2 orc wizards
  5 worker ants
  A hound zombie (D:5)
  A hound skeleton (D:4)
  4 gnolls (D:4)
  10 adders
  2 river rats (Sewer)
  4 oozes
  An adder skeleton (D:4)
  10 worms
  3 dart slugs
  5 leopard geckos
  5 orcs
  4 bats
  9 giant cockroaches
  10 hobgoblins
  2 jackals (D:3)
  2 quokkas
  6 ball pythons
  7 frilled lizards
  4 goblins
  11 kobolds
  8 rats
134 creatures vanquished.

Notes
Turn   | Place    | Note
-------+----------+-------------------------------------------
     0 | D:1      | Cazemata the Demonspawn Berserker began the quest for the
                  | Orb.
     0 | D:1      | Reached XP level 1. HP: 18/18 MP: 1/1
   432 | D:1      | Gained mutation: You are partially covered in iridescent
                  | scales. (AC +2) [demonic ancestry]
   432 | D:1      | Reached XP level 2. HP: 8/24 MP: 2/2
   691 | D:1      | Reached skill level 3 in Axes
  1334 | D:2      | Reached XP level 3. HP: 16/29 MP: 3/3
  1348 | D:2      | Reached ** piety under Trog
  1622 | D:2      | Found an ornate altar of the Wu Jian Council.
  1717 | D:2      | Reached skill level 4 in Axes
  1915 | D:2      | Reached XP level 4. HP: 29/35 MP: 4/4
  1999 | D:2      | Found a faded altar of an unknown god.
  2341 | D:3      | Reached skill level 5 in Axes
  2341 | D:3      | Reached XP level 5. HP: 39/41 MP: 5/5
  2374 | D:3      | Noticed Terence
  2407 | D:3      | Killed Terence
  2908 | D:3      | Noticed Sigmund
  2934 | D:3      | Killed Sigmund
  2934 | D:3      | Reached skill level 6 in Axes
  2934 | D:3      | Gained mutation: You are mostly covered in iridescent
                  | scales. (AC +4) [demonic ancestry]
  2934 | D:3      | Reached XP level 6. HP: 25/47 MP: 6/6
  3231 | D:4      | Reached *** piety under Trog
  3317 | D:4      | Reached skill level 7 in Axes
  3587 | D:4      | Gained mutation: You are completely covered in iridescent
                  | scales. (AC +6) [demonic ancestry]
  3587 | D:4      | Reached XP level 7. HP: 52/52 MP: 7/7
  3615 | D:4      | Found Takh's Antique Armour Shoppe.
  3733 | D:4      | Bought a glowing leather armour for 155 gold pieces
  3769 | D:4      | Noticed Natasha
  3784 | D:4      | Killed Natasha
  3803 | D:4      | Noticed Natasha
  3810 | D:4      | Killed Natasha
  4185 | D:4      | Found an ancient bone altar of Kikubaaqudgha.
  4334 | D:4      | Reached skill level 8 in Axes
  4548 | D:5      | Entered Level 5 of the Dungeon
  4594 | D:5      | Found a shadowy altar of Dithmenos.
  4729 | D:5      | Found a glowing drain.
  4733 | Sewer    | Entered a sewer
  4992 | Sewer    | Reached XP level 8. HP: 58/58 MP: 8/8
  5119 | Sewer    | Reached skill level 1 in Shields
  5168 | Sewer    | Reached skill level 9 in Axes
  5729 | D:5      | Noticed Menkaure
  5750 | D:5      | Mangled by Menkaure

Illustrated notes

Levels and vault maps discovered:
D:1:      scummos_arrival_hexagon, layout_basic, minmay_misc_feat_iff
D:2:      layout_basic, lemuel_doored_altar, chequers_ecumenical_altar_island
D:3:      layout_rooms, first_ration, minmay_circle_x, uniq_terence,
          uniq_sigmund
D:4:      layout_loops_corners, kennysheep_mini, serial_shops, shop_fountains,
          serial_glass, glass_columns_a, glass_columns_c, uniq_natasha
D:5:      layout_gridville, gup_sewer_entry_bowl,
          grunt_dithmenos_smoke_and_mirrors, uniq_menkaure

Skill      XL: |  1  2  3  4  5  6  7  8 |
---------------+-------------------------+-----
Dodging        | 2 |  2.0
Armour         | 2 |  2.0
Axes           | 3 4 5 6 7 8 9 |  9.7
Shields        | 1 |  1.6
Fighting       | |  3.1
Throwing       | |  0.1

Action                   |  1- 3 |  4- 6 |  7- 9 || total
-------------------------+-------+-------+-------++-------
Melee: Hand axe          |   118 |   141 |   246 ||   505
       Scythe            |       |    11 |       ||    11
Throw: Throwing net      |       |     1 |       ||     1
  Use: Scroll            |     6 |     2 |     3 ||    11
       Potion            |       |     6 |       ||     6
  Eat: Chunk             |     3 |     4 |     6 ||    13
       Ration            |       |     1 |       ||     1
Armor: Animal skin       |     5 |       |       ||     5
       Leather armour    |     9 |    34 |    57 ||   100
Dodge: Dodged            |    68 |    83 |   102 ||   253
Block: Other             |       |    23 |    31 ||    54
       Reflection        |       |       |     4 ||     4
